 Dungeon Crawl Stone Soup version 0.28-b1-70-g80dc712255 (webtiles) character file.

Game seed: 849902042732028654

77 crazypyro the Skirmisher (level 4, 0/49 HPs)
             Began as an Ogre Berserker on Feb 3, 2022.
             Was a Believer of Trog.
             Slain by a hobgoblin (3 damage)
             ... led by Robin
             ... on level 2 of the Dungeon.
             The game lasted 00:02:09 (1706 turns).

crazypyro the Skirmisher (Ogre Berserker)           Turns: 1706, Time: 00:02:09

Health: 0/49       AC:  3    Str: 23    XL:     4   Next: 34%
Magic:  4/4        EV: 10    Int:  8    God:    Trog [**....]
Gold:   76         SH:  0    Dex:  8    Spells: 3/3 levels left

rFire   . . .      SeeInvis .   g - +0 great mace
rCold   . . .      Faith    .   (shield currently unavailable)
rNeg    . . .      Spirit   .   b - +0 animal skin
rPois   .          Reflect  .   (helmet restricted)
rElec   .          Harm     .   (no cloak)
rCorr   .          Rampage  .   (gloves unavailable)
Will    .....                   (boots unavailable)
Stlth   +.........              (no amulet)
HPRegen 0.16/turn               (no ring)
MPRegen 0.09/turn               (no ring)

@: on berserk cooldown, slowed, very slow
A: large, unfitting armour, tough skin 1
a: Renounce Religion, Berserk, Trog's Hand


You were on level 2 of the Dungeon.
You worshipped Trog.
Trog was pleased with you.
You visited 1 branch of the dungeon, and saw 2 of its levels.

You collected 76 gold pieces.

Inventory:

Hand Weapons
 a - a +0 mace
 g - a +0 great mace (weapon)
Missiles
 e - a throwing net (quivered)
Armour
 b - a +0 animal skin (worn)
Jewellery
 i - the ring "Atanoenk" {Wiz SInv}
   (You took it off a hobgoblin on level 2 of the Dungeon)

   [ring of wizardry]

   It improves your spell success rate.
   SInv:      It lets you see invisible.
Scrolls
 f - a scroll of immolation {unknown}
 h - 3 scrolls of teleportation {unknown}
 j - a scroll of summoning {unknown}
Potions
 c - 2 potions of curing {unknown}
 d - a potion of brilliance {unknown}


   Skills:
 + Level 4.9 Fighting
 * Level 3.6 Maces & Flails
 + Level 3.2 Dodging


You had 3 spell levels left.
You didn't know any spells.
Your spell library was empty.

Dungeon Overview and Level Annotations

Branches:
Dungeon (2/15)

Altars:

Shops:
D:2 :(*:

Annotations:
D:2 Robin


Innate Abilities, Weirdness & Mutations

You are too large for most types of armour.
You have tough skin. (AC +1)


Message History

You hit the goblin.
You kill the goblin!
Trog accepts your kill.
The hobgoblin no longer looks unusually strong.
Robin throws the goblin at you!
* * * LOW HITPOINT WARNING * * *
The hobgoblin hits you.
* * * LOW HITPOINT WARNING * * *
You miss the goblin.
You feel the effects of Trog's Hand fading.
The goblin hits you but does no damage. The hobgoblin hits you.
* * * LOW HITPOINT WARNING * * *
You barely miss the goblin. The goblin hits you with a +0 club.
* * * LOW HITPOINT WARNING * * *
The hobgoblin barely misses you.
You bludgeon the goblin!!
You kill the goblin!
Trog accepts your kill. The hobgoblin hits you.
* * * LOW HITPOINT WARNING * * *
Things that are here:
a +0 club; a +0 club You feel a strong urge to attack something.
You are no longer berserk.
You are exhausted.
You feel yourself slow down. Robin throws the goblin at you!
The goblin closely misses you. The goblin barely misses you.
Your skin stops crawling.
You feel less strong-willed. The goblin misses you. The hobgoblin hits you.
* * * LOW HITPOINT WARNING * * *
Robin roars a battlecry!
The goblins go into a battle-frenzy!
The goblin closely misses you.
The goblin no longer looks unusually strong.
The hobgoblin completely misses you.
Robin roars a battlecry!
The goblin goes into a battle-frenzy!
The goblin barely misses you. The hobgoblin hits you.
You die...

#.########.∩..##..............
#.##............>....##...##..
#.##......<...##.....#.†...#..
#..............+............†.
#.#.###........#........∩...##
#(....+........#####........#
#.#.###........# #.#.....##
#.#............# ###+##...##
#.####.......@.# #........####
#.# #......ggg###........##..
#.# ##.........##.........##..
#.###.........###.........##..
#...'...........#.........##..
#####........g..#....#######..
#.........#.####.#######..
#.........#####.......####
#.........).)g'g......#


You could see Robin, a hobgoblin (strong) and 2 goblins.

Vanquished Creatures
  2 adders (D:2)
  A worm (D:2)
  A dart slug (D:1)
  3 endoplasms
  3 giant cockroaches
  10 goblins
  8 hobgoblins
  3 jackals (D:1)
  6 ball pythons
  7 bats
  A frilled lizard (D:1)
  4 kobolds
  3 rats (D:1)
52 creatures vanquished.

Notes
Turn   | Place    | Note
-------+----------+-------------------------------------------
     0 | D:1      | crazypyro the Ogre Berserker began the quest for the Orb.
     0 | D:1      | Reached XP level 1. HP: 24/24 MP: 1/1
    21 | D:1      | Found a faded altar of an unknown god.
    61 | D:1      | Reached XP level 2. HP: 26/32 MP: 2/2
   692 | D:1      | Reached XP level 3. HP: 38/40 MP: 3/3
   783 | D:1      | Reached ** piety under Trog
  1147 | D:2      | Identified the ring "Atanoenk" {Wiz SInv}
  1312 | D:2      | Found Addusube's Book Emporium.
  1354 | D:2      | Reached XP level 4. HP: 42/49 MP: 4/4
  1407 | D:2      | Found Yffixub's Assorted Antiques.
  1427 | D:2      | Found Mifroje's Weapon Boutique.
  1494 | D:2      | Found Ysanun's Book Shoppe.
  1661 | D:2      | Noticed Robin
  1696 | D:2      | HP: 2/73 [goblin[Robin] (4)]
  1703 | D:2      | HP: 2/49 [hobgoblin[Robin] (2)]
  1706 | D:2      | Slain by a hobgoblin

Illustrated notes

Levels and vault maps discovered:
D:1:      eino_arrival_cavern_b, layout_rooms,
          hellmonk_ecumenical_altar_pennies_from_heaven
D:2:      layout_basic, basic_altar, serial_shops, nicolae_shop_statue_plus,
          shop, nicolae_shop_crystal, shop, nicolae_shop_bloodbath_and_beyond,
          uniq_robin

Skill      XL: |  1  2 |
---------------+-------+-----
Maces & Flails | 3 |  3.6
Dodging        | 3 |  3.2
Fighting       | |  4.9

Action                   |  1- 3 |  4- 6 || total
-------------------------+-------+-------++-------
Melee: Mace              |    91 |       ||    91
       Punch             |     1 |       ||     1
       Great mace        |    26 |    43 ||    69
Invok: Berserk           |     3 |     1 ||     4
       Trog's Hand       |     1 |     1 ||     2
Armor: Animal skin       |    57 |    11 ||    68
Dodge: Dodged            |   103 |    40 ||   143
